 Dungeon Crawl Stone Soup version 0.32-a0-7-ge934b45 (webtiles) character file.

Game seed: 2581249641539650015

4265 Radamante the Basher (level 10, -20/89 HPs)
             Began as a Minotaur Fighter on Jan 13, 2024.
             Was an Initiate of the Shining One.
             Engulfed by Sonja the fire crab's flame (30 damage)
             ... on level 1 of the Lair of Beasts.
             The game lasted 00:12:07 (7365 turns).

Radamante the Basher (Minotaur Fighter)             Turns: 7365, Time: 00:12:07

Health: -20/89     AC: 17    Str: 25    XL:     10   Next: 10%
Magic:  9/9        EV: 12    Int:  5    God:    the Shining One [......]
Gold:   491        SH:  5    Dex: 10    Spells: 9/9 levels left

rFire   . . .        a - +0 flail
rCold   . . .        c - +0 buckler
rNeg    . . .        D - +1 acid dragon scales
rPois   .            (helmet restricted)
rElec   .            u - +0 cloak
rCorr   +            I - +0 pair of gloves
SInv    .            k - +0 pair of boots
Will    .....        (no amulet)
Stlth   +            q - +4 ring of protection
HPRegen 0.34/turn    x - ring of flight
MPRegen 0.11/turn

%: no passive effects
@: lethally poisoned (-20 -> -25), flying, slowed, glowing, very slow
A: horns 2, retaliatory headbutt
a: Renounce Religion


You were on level 1 of the Lair of Beasts.
You worshipped the Shining One.
The Shining One was noncommittal.
You visited 3 branches of the dungeon, and saw 10 of its levels.

You collected 491 gold pieces.

Inventory:

Hand Weapons
 a - a +0 flail (weapon)
 C - a +1 glaive of flaming
 G - a +1 spear of flaming
 H - a +2 heavy trident
Missiles
 j - 29 poisoned darts
 F - 5 atropa-tipped darts (quivered)
Armour
 c - a +0 buckler (worn)
 k - a +0 pair of boots (worn)
 u - a +0 cloak (worn)
 D - +1 acid dragon scales (worn)
 I - a +0 pair of gloves (worn)
Jewellery
 b - a ring of positive energy
 q - a +4 ring of protection (left hand)
 x - a ring of flight (right hand)
 J - a ring of ice
Talismans
 t - a flux talisman
Wands
 n - a wand of polymorph (4)
 r - a wand of flame (13)
 z - a wand of light (2)
 B - a wand of charming (25)
Scrolls
 g - 2 scrolls of blinking
 l - a scroll of poison
 m - 5 scrolls of teleportation {unknown}
 s - a scroll of revelation
 v - a scroll of noise
 y - a scroll of torment
 A - a scroll of enchant armour
 E - a scroll of amnesia
Potions
 d - a potion of might
 e - 2 potions of degeneration {unknown}
 f - 3 potions of curing {unknown}
 h - a potion of brilliance {unknown}
 i - 3 potions of haste {unknown}
 o - 3 potions of attraction {unknown}
 p - a potion of lignification {unknown}


   Skills:
 + Level 8.3 Fighting
 + Level 11.9 Maces & Flails
 + Level 0.2 Throwing
 + Level 8.8 Armour
 + Level 4.5 Dodging
 + Level 0.8 Stealth
 + Level 5.9 Shields


You had 9 spell levels left.
You didn't know any spells.
Your spell library contained the following spells:

 Spells                   Type           Power      Damage    Failure   Level
 Apportation              Tloc           0%         N/A       58%         1
 Necrotise                Necr           0%         1d4       58%         1
 Sting                    Conj/Alch      0%         1d3       58%         1
 Summon Small Mammal      Summ           0%         N/A       58%         1
 Mercury Vapours          Alch/Air       0%         N/A       75%         2
 Tukima's Dance           Hex            0%         N/A       92%         3
 Animate Armour           Summ/Erth      0%         N/A       100%        4
 Ignite Poison            Fire/Alch      0%         N/A       100%        4
 Olgreb's Toxic Radiance  Alch           0%         N/A       100%        4
 Passage of Golubria      Tloc           0%         N/A       100%        4
 Sticky Flame             Fire/Alch      0%         2d4       100%        4
 Summon Lightning Spire   Summ/Air       0%         N/A       100%        4
 Lee's Rapid Deconstruct  Erth           0%         3d4*      100%        5
 Yara's Violent Unravell  Hex/Alch       0%         3d3       100%        5
 Ignition                 Fire           0%         3d3       100%        8


Dungeon Overview and Level Annotations

Branches:
Dungeon (8/15)             Temple (1/1) D:7            Lair (1/5) D:8

Altars:
Ashenzari
Cheibriados
Dithmenos
Elyvilon
Fedhas
Gozag
Hepliaklqana
Kikubaaqudgha
Makhleb
Nemelex Xobeh
Okawaru
Qazlal
Ru
Sif Muna
Trog
Uskayaw
Vehumet
Wu Jian
Xom
Yredelemnul
Zin
The Shining One

Annotations:
D:6 Jeremiah
D:7 1 transporter, Taxman1966's ghost, novice MiHu
Lair:1 Sonja


Innate Abilities, Weirdness & Mutations

You have a pair of horns on your head.
You reflexively headbutt those who attack you in melee.


Message History

You kill the komodo dragon!
No target in view!
No target in view!
HP restored.
Found a stone staircase leading down.
You see here a +2 robe of positive energy.
No target in view!
No target in view!
Sonja, the Graceful Assassin comes into view.
She is wielding a +1 short sword of distortion and quivering curare-tipped darts.
Sonja shouts!
Okay, then.
You start waiting.
Sonja casts a spell.
Sonja blinks!
Aiming: Bolt of Light
Press: ? - help, Shift-Dir - straight line, f - Sonja
Aim: Sonja, wielding a +1 short sword of distortion and quivering curare-tipped darts (29% to hit)
The bolt of light misses Sonja.
Sonja throws a curare-tipped dart.
The curare-tipped dart hits you.
You are poisoned.
You have difficulty breathing.
You feel yourself slow down.
Aiming: Polymorph
Press: ? - help, Shift-Dir - straight line, f/p - Sonja
Aim: Sonja, wielding a +1 short sword of distortion and quivering curare-tipped darts (will become a golden eye, an acid dragon, or a fire crab, chance to affect: 57%) Sonja evaporates and reforms as a fire crab!
You feel very sick.
You feel very sick. Sonja breathes flames at you.
The blast of flame engulfs you but does no damage.
You sock Sonja! You headbutt Sonja, but do no damage.
Sonja is moderately wounded.
You are engulfed in blazing flames.
You feel sick. Sonja bites you!
You are engulfed in flames!
Sonja claws you!
* * * LOW HITPOINT WARNING * * *
You are engulfed in flames!
* * * LOW HITPOINT WARNING * * *
As you read the scroll of fear, it crumbles to dust.
You assume a fearsome visage.
Sonja looks frightened!
You are engulfed in blazing flames.
You die...

##### #######)#.###
#.°°@t°°....#
##°°###°##[#.######
#..## ##..........
#.........##P.#...##.##
...P##................#
... ........>.......#.#
.. .........####..#..#
.##...#..### #..##.# .#
#...#.##.###...#.#


You could see Sonja the fire crab (fleeing).

Vanquished Creatures
  Maggie (D:6)
  2 komodo dragons
  Grinder (D:4)
  Sigmund (D:3)
  A steam dragon (D:7)
  A water moccasin (D:5)
  An orc warrior (D:8)
  2 sky beasts
  An ice beast (D:8)
  A black bear (D:5)
  An ogre (D:4)
  A phantom (D:6)
  5 centaurs
  A kobold brigand (D:7)
  Blork the orc (D:6)
  3 bullfrogs
  4 scorpions
  A gnoll sergeant (D:7)
  4 jellies
  6 hounds
  A bombardier beetle (D:7)
  Crazy Yiuf (D:3)
  4 orc priests
  3 sleepcaps
  Jessica (D:2)
  Ijyb (D:3)
  Terence (D:2)
  3 iguanas
  7 orc wizards
  Natasha (thrice) (D:4)
  Robin (D:3)
  7 gnolls
  7 adders
  5 white imps
  2 ufetubi (D:7)
  5 dart slugs
  14 orcs
  6 ball pythons
  4 bats
  5 endoplasms
  2 giant cockroaches
  16 goblins
  9 hobgoblins
  5 quokkas
  12 frilled lizards
  13 kobolds
  6 rats
183 creatures vanquished.

Notes
Turn   | Place    | Note
-------+----------+-------------------------------------------
     0 | D:1      | Radamante the Minotaur Fighter began the quest for the Orb.
     0 | D:1      | Reached XP level 1. HP: 19/19 MP: 0/0
   261 | D:1      | Reached XP level 2. HP: 27/27 MP: 1/1
   749 | D:1      | Reached skill level 3 in Maces & Flails
  1074 | D:1      | Reached XP level 3. HP: 33/33 MP: 2/2
  1131 | D:2      | Found a sparkling altar of Nemelex Xobeh.
  1144 | D:2      | Noticed Jessica
  1311 | D:2      | Reached XP level 4. HP: 40/40 MP: 3/3
  1316 | D:2      | Killed Jessica
  1366 | D:2      | Reached skill level 1 in Dodging
  1389 | D:2      | Reached skill level 4 in Maces & Flails
  1548 | D:2      | Found a faded altar of an unknown god.
  1656 | D:2      | Reached XP level 5. HP: 47/47 MP: 4/4
  1700 | D:2      | Noticed Terence
  1706 | D:2      | Killed Terence
  2153 | D:3      | Noticed Sigmund
  2168 | D:3      | Killed Sigmund
  2169 | D:3      | Reached skill level 5 in Maces & Flails
  2169 | D:3      | Reached skill level 5 in Armour
  2169 | D:3      | Reached XP level 6. HP: 41/55 MP: 5/5
  2342 | D:3      | Noticed Ijyb
  2357 | D:3      | Killed Ijyb
  2358 | D:3      | Reached skill level 5 in Fighting
  2678 | D:3      | Found a runed translucent door.
  2679 | D:3      | Noticed Crazy Yiuf
  2752 | D:3      | Noticed Robin
  2771 | D:3      | Killed Robin
  2921 | D:3      | Killed Crazy Yiuf
  2970 | D:4      | Noticed Natasha
  2975 | D:4      | Killed Natasha
  3045 | D:4      | Noticed Grinder
  3050 | D:4      | Reached skill level 6 in Maces & Flails
  3050 | D:4      | Reached XP level 7. HP: 54/61 MP: 6/6
  3057 | D:4      | Killed Grinder
  3078 | D:4      | Noticed Natasha
  3086 | D:4      | Killed Natasha
  3208 | D:4      | Found a radiant altar of Vehumet.
  3232 | D:4      | Found a bloodstained altar of Trog.
  3252 | D:4      | Reached skill level 7 in Maces & Flails
  3331 | D:4      | Identified the +0 robe of the Kettle-Drum {Will- Dex+3 SInv
                  | Stlth+}
  3519 | D:4      | Reached XP level 8. HP: 70/70 MP: 7/7
  3725 | D:4      | Noticed Natasha
  3729 | D:4      | Killed Natasha
  3748 | D:4      | Found a basalt altar of Yredelemnul.
  3755 | D:4      | Found an ornate altar of the Wu Jian Council.
  3932 | D:5      | Entered Level 5 of the Dungeon
  3942 | D:5      | Reached skill level 8 in Maces & Flails
  4039 | D:5      | Reached skill level 5 in Shields
  4665 | D:6      | Reached skill level 9 in Maces & Flails
  4670 | D:6      | You are sucked into a shaft and drop 2 floors!
  4762 | D:8      | Found a staircase to the Lair.
  4764 | D:8      | Noticed a komodo dragon
  4800 | D:8      | Killed a komodo dragon
  4801 | D:8      | Reached XP level 9. HP: 44/78 MP: 8/8
  5041 | D:6      | Noticed Maggie
  5064 | D:6      | Killed Maggie
  5268 | D:6      | Noticed Blork the orc
  5288 | D:6      | Killed Blork the orc
  5489 | D:6      | Reached skill level 10 in Maces & Flails
  5566 | D:6      | Found a blossoming altar of Fedhas.
  5631 | D:6      | Noticed Jeremiah
  5826 | D:7      | Reached skill level 11 in Maces & Flails
  6281 | D:7      | Found a staircase to the Ecumenical Temple.
  6326 | Temple   | Entered the Ecumenical Temple
  6332 | Temple   | Became a worshipper of the Shining One
  6386 | D:7      | Noticed Taxman1966's ghost (novice MiHu)
  6387 | D:7      | Found a transporter.
  6388 | D:7      | Identified the +9 giant spiked club of Undoing {drain,
                  | *Slow rF+ Int+2}
  6989 | D:8      | Reached XP level 10. HP: 79/88 MP: 9/9
  7305 | Lair:1   | Entered Level 1 of the Lair of Beasts
  7354 | Lair:1   | Noticed Sonja
  7362 | Lair:1   | Sonja changed into Sonja the fire crab
  7362 | Lair:1   | Noticed Sonja
  7365 | Lair:1   | Engulfed by Sonja the fire crab's flame

Illustrated notes

Levels and vault maps discovered:
D:1:      grunt_arrival_crossed_arrows, layout_basic, serial_forest,
          infiniplex_forest_lined_3, infiniplex_forest_split,
          infiniplex_forest_clump_C, infiniplex_forest_clump_double,
          infiniplex_forest_zigzag_1, infiniplex_forest_straight_2,
          hangedman_abyss_or_decor_lesser_grid
D:2:      layout_rooms, ebering_ecumenical_altar_webs, basic_altar,
          lexackson_kobold_supper, uniq_jessica, uniq_terence
D:3:      layout_rooms, grunt_decor_resistance, kennysheep_generic_room_5,
          uniq_crazy_yiuf_cottage, uniq_ijyb, uniq_sigmund, uniq_robin
D:4:      layout_loops_cross, amethyst_overflow_temple_binary,
          mainiacjoe_overflow_large_starburst, uniq_grinder, uniq_natasha
D:5:      layout_rooms, kennysheep_generic_room_6
D:6:      layout_cave_pools, fedhas_altar_1, kennysheep_pointless_box,
          minmay_lizard_king, uniq_maggie, uniq_blork_the_orc, uniq_jeremiah
D:7:      layout_loops_ring, minmay_temple_entry_steel_oval,
          gammafunk_ghost_smash
D:8:      layout_basic, david_lair_shrubbed
Temple:   nicolae_temple_bog_church
Lair:1:   layout_loops_ring, lemuel_fruit_tree, uniq_sonja

Skill      XL: |  1  2  3  4  5  6  7  8  9 |
---------------+----------------------------+-----
Fighting       | 4 5 6 8 |  8.3
Maces & Flails | 3 4 5 6 7 9 11 | 11.9
Armour         | 4 5 6 8 |  8.8
Shields        | 4 5 |  5.9
Dodging        | 1 2 3 4 |  4.5
Throwing       | |  0.2
Stealth        | |  0.8

Action                     |  1- 3 |  4- 6 |  7- 9 | 10-12 || total
---------------------------+-------+-------+-------+-------++-------
  Melee: Flail             |   112 |   163 |   337 |     8 ||   620
         Headbutt          |    29 |    22 |    68 |     4 ||   123
  Throw: Stone             |     4 |       |       |       ||     4
  Evoke: Wand              |       |       |       |     2 ||     2
    Use: Potion            |       |     1 |     1 |       ||     2
         Scroll            |       |       |     8 |     1 ||     9
 Armour: Scale mail        |    47 |   122 |   117 |       ||   286
         Acid dragon scale |       |       |    88 |     7 ||    95
  Dodge: Dodged            |    33 |    78 |   147 |     3 ||   261
  Block: Buckler           |    25 |    35 |    76 |     2 ||   138
         Form:             |       |     1 |       |       ||     1
         Flux              |       |     1 |       |       ||     1

Table legend: (Time is in decaauts)
 A = Elapsed time spent in this place.
 B = Non-inter-level travel time spent in this place.
 C = Inter-level travel time spent in this place.
 D = Time resting spent in this place.
 E = Time spent auto-exploring this place.
 F = Levels seen in this place.
 G = Mean time per level.
                   A        B        C        D        E       F      G
               +--------+--------+--------+--------+--------+-----+--------+
         Total |   7418 |   7118 |    300 |    124 |   5600 |  10 |  741.8 |
       Dungeon |   7345 |   7057 |    288 |    122 |   5562 |   8 |  918.1 |
        Temple |     12 |      1 |     11 |      0 |      0 |   1 |   12.0 |
          Lair |     60 |     60 |      0 |      2 |     38 |   1 |   60.0 |
               +--------+--------+--------+--------+--------+-----+--------+

Top non-repeatable levels by time:
     D:1: 1311 daAuts
     D:7: 1191 daAuts
     D:3: 1049 daAuts
     D:4: 968 daAuts
     D:8: 810 daAuts
     D:5: 726 daAuts
     D:2: 676 daAuts
     D:6: 612 daAuts
  Lair:1: 60 daAuts
  Temple: 12 daAuts
